 Dungeon Crawl Stone Soup version 0.27-a0-78-g75406f0b48 (webtiles) character file.

Game seed: 8785145163433457547

32 knot the Chopper (level 3, 27/29 HPs)
             Began as a Demonspawn Berserker on Jan 14, 2021.
             Was a Follower of Trog.
             Quit the game on level 2 of the Dungeon.
             The game lasted 00:01:02 (1446 turns).

knot the Chopper (Demonspawn Berserker)             Turns: 1446, Time: 00:01:03

Health: 27/29      AC:  5    Str: 17    XL:     3   Next: 10%
Magic:  3/3        EV: 12    Int:  9    God:    Trog [*.....]
Gold:   50         SH:  0    Dex: 12    Spells: 2/2 levels left

rFire    + . .     SeeInvis +   a - +0 hand axe
rCold    . . .     Faith    .   (no shield)
rNeg     . . .     Spirit   .   b - +0 animal skin
rPois    .         Reflect  .   (no helmet)
rElec    .         Harm     .   d - scarf {repulsion}
rCorr    .         Rampage  .   i - +0 pair of gloves
Will     .....                  (no boots)
Stlth    +.........             (no amulet)
HPRegen  1.09/turn              c - ring of protection from fire
MPRegen  0.08/turn              m - ring of see invisible

@: repel missiles
A: yellow scales 1, powered by death 1
a: Renounce Religion, Berserk


You were on level 2 of the Dungeon.
You worshipped Trog.
Trog was aware of your devotion.
You visited 1 branch of the dungeon, and saw 2 of its levels.

You collected 50 gold pieces.

Inventory:

Hand Weapons
 a - a +0 hand axe (weapon)
Missiles
 f - 39 stones
 h - 4 boomerangs
Armour
 b - a +0 animal skin (worn)
 d - a scarf of repulsion (worn)
 i - a +0 pair of gloves (worn)
Jewellery
 c - a ring of protection from fire (left hand)
 m - a ring of see invisible (right hand)
Scrolls
 g - a scroll of fog {unknown}
 j - a scroll of remove curse {unknown}
 k - 2 scrolls of identify {unknown}
 n - a scroll of amnesia {unknown}
Potions
 e - a potion of cancellation {unknown}
 l - a potion of might {unknown}


   Skills:
 - Level 3.0 Fighting
 + Level 3.9 Axes
 - Level 1.7 Armour
 - Level 1.7 Dodging


You had 2 spell levels left.
You didn't know any spells.
Your spell library was empty.

Dungeon Overview and Level Annotations

Branches:
Dungeon (2/15)

Altars:


Innate Abilities, Weirdness & Mutations

You are partially covered in yellow scales. (AC +2)
You regenerate a little health from kills.


Message History

The ooze is moderately wounded.
The ooze barely misses you.
You hit the ooze.
The ooze is moderately wounded.
The ooze barely misses you.
You hit the ooze.
The ooze is heavily wounded.
The ooze completely misses you.
You hit the ooze.
The ooze is almost dead.
The ooze hits you. The ooze completely misses you.
You hit the ooze.
You kill the ooze!
Trog accepts your kill.
You have reached level 3!
Your experience leads to an increase in your attributes!
Increase (S)trength, (I)ntelligence, or (D)exterity?
You feel clever.
Your demonic ancestry asserts itself...
Yellow scales grow over part of your body.
Are you sure you want to abandon this character and quit the game? (Confirm with "yes".)

.# #.# ##.## #...
#..# ###########..#
.........##..#
#@.....# #..###.#
#..# #.# #..# #.# #
#..# #.# .#
##..###.##.#
.^.........#
########.#.##...#####
.[...................


There were no monsters in sight!

Vanquished Creatures
  An ooze (D:2)
  A dart slug (D:1)
  A leopard gecko (D:1)
  A bat (D:1)
  A giant cockroach (D:1)
  A goblin (D:1)
  A hobgoblin (D:1)
  3 jackals (D:1)
  3 kobolds (D:1)
  2 ball pythons (D:1)
  4 frilled lizards (D:1)
  6 rats (D:1)
25 creatures vanquished.

Notes
Turn   | Place    | Note
-------+----------+-------------------------------------------
     0 | D:1      | knot the Demonspawn Berserker began the quest for the Orb.
     0 | D:1      | Reached XP level 1. HP: 18/18 MP: 1/1
   794 | D:1      | Gained mutation: You regenerate a little health from kills.
                  | [demonic ancestry]
   794 | D:1      | Reached XP level 2. HP: 21/24 MP: 2/2
  1446 | D:2      | Gained mutation: You are partially covered in yellow
                  | scales. (AC +2) [demonic ancestry]
  1446 | D:2      | Reached XP level 3. HP: 27/29 MP: 3/3
  1446 | D:2      | Quit the game

Illustrated notes

Levels and vault maps discovered:
D:1:      minmay_arrival_plants_in_alcoves, layout_basic
D:2:      layout_basic, nicolae_overflow_crystal_walls, uniq_jessica

Skill      XL: |  1 |
---------------+----+-----
Axes           | 3 |  3.9
Fighting       | |  3.0
Armour         | |  1.7
Dodging        | |  1.7

Action                   || total
-------------------------++-------
Melee: Hand axe          ||    81
Invok: Berserk           ||     2
Armor: Animal skin       ||    11
Dodge: Dodged            ||    55

Table legend: (Time is in decaauts)
 A = Elapsed time spent in this place.
 B = Non-inter-level travel time spent in this place.
 C = Inter-level travel time spent in this place.
 D = Time resting spent in this place.
 E = Time spent auto-exploring this place.
 F = Levels seen in this place.
 G = Mean time per level.
                   A        B        C        D        E       F      G
               +--------+--------+--------+--------+--------+-----+--------+
         Total |   1481 |   1431 |     50 |    599 |    658 |   2 |  740.5 |
       Dungeon |   1481 |   1431 |     50 |    599 |    658 |   2 |  740.5 |
               +--------+--------+--------+--------+--------+-----+--------+

Top non-repeatable levels by time:
     D:1: 1442 daAuts
     D:2: 38 daAuts
